 Dungeon Crawl Stone Soup version 0.20.1-1-g8b1a95d (webtiles) character file.

129 letownia2 the Grave Robber (level 4, 24/36 HPs)
             Began as a Deep Dwarf Necromancer on Dec 27, 2017.
             Quit the game on level 4 of the Dungeon.
             The game lasted 00:04:30 (1041 turns).

letownia2 the Grave Robber (Deep Dwarf Necromancer) Turns: 1041, Time: 00:04:31

Health: 24/36      AC:  5    Str: 12    XL:     4   Next: 88%
Magic:  3/8        EV: 11    Int: 16    God:
Gold:   66         SH:  0    Dex: 13    Spells: 5/9 levels left

rFire    . . .     SeeInvis .   k - +0 dagger
rCold    . . .     Gourm    .   (no shield)
rNeg     . . .     Faith    .   g - +0 ring mail
rPois    .         Spirit   .   (no helmet)
rElec    .         Reflect  .   (no cloak)
rCorr    .         Harm     .   (no gloves)
MR       .....                  (no boots)
Stlth    +.........             (no amulet)
Regen    0.0/turn               (no ring)
MPRegen  0.2/turn               (no ring)

@: non-regenerating
A: damage resistance, heal wounds, sense surroundings 1, no regeneration
a: Heal Wounds


You were on level 4 of the Dungeon.
You were not hungry.

You visited 2 branches of the dungeon, and saw 5 of its levels.

You collected 66 gold pieces.

Inventory:

Hand Weapons
 k - a +0 dagger (weapon)
 o - a +0 war axe
Armour
 a - a +0 robe
 g - a +0 ring mail (worn)
 l - a +0 scale mail
Wands
 n - a wand of iceblast (10/15)
Scrolls
 d - a scroll of immolation
 e - a scroll of identify
 f - 2 scrolls of teleportation
 i - a scroll of remove curse {unknown}
Potions
 h - a potion of degeneration {unknown}
 j - a potion of haste {unknown}
Books
 b - a book of Necromancy

   Spells                             Type                      Level
   a - Pain                           Necromancy                   1
   b - Animate Skeleton               Necromancy                   1
   c - Vampiric Draining              Necromancy                   3
   d - Regeneration                   Charms/Necromancy            3
   e - Animate Dead                   Necromancy                   4
   f - Control Undead                 Necromancy                   4
Comestibles
 c - 2 bread rations
 m - 4 chunks of flesh


   Skills:
 - Level 2.1 Dodging
 - Level 2.4 Stealth
 + Level 3.2 Spellcasting
 + Level 5.7 Necromancy


You had 5 spell levels left.
You knew the following spells:

 Your Spells              Type           Power        Failure   Level  Hunger
a - Pain                  Necr           ###.         3%          1    None
v - Vampiric Draining     Necr           ###.......   12%         3    ###....


Dungeon Overview and Level Annotations

Branches:
Dungeon (4/15)             Temple (1/1) D:4

Altars:
Dithmenos
Hepliaklqana

Annotations:
D:4 Menkaure


Innate Abilities, Weirdness & Mutations

You are resistant to damage.
You can heal yourself by infusing magical energy.
You passively map a small area around you.
You do not regenerate.


Message History

Aim: an adder (severely wounded, chance to defeat MR: 85%)
The adder writhes in agony!
You kill the adder!
Casting: Pain
Confirm with . or Enter, or press ? or * to list all spells.
You can't see any susceptible monsters within range! (Use Z to cast anyway.)
Casting: Pain
Confirm with . or Enter, or press ? or * to list all spells.
You can't see any susceptible monsters within range! (Use Z to cast anyway.)
You see here an adder corpse.
The crimson imp blinks!
Menkaure, Prince of Dust comes into view.
Menkaure hits you but does no damage.
Evoke which item? (* to show all) (? for menu, Esc to quit)
Okay, then.
You aren't carrying any pieces of jewellery.
Unknown command.
Okay, then.
Okay, then.
Are you sure you want to abandon this character and quit the game? (Confirm with "yes".)

...#.##.##.###* ,
.....##†#*, ,*
####.##.# * * *
#.##.#*,#
#§##.##.# ### * **
# #.......# #.. #
####.#### #.# * *
# #...### #M# #
#.....# #@# #
#...#.#####.# ####
#####.......#
...###############
#..........#
......#.##.#
#..##.#.##.#
#..##....#.#
...##.#..#.#


You could see Menkaure.

Vanquished Creatures
  An orc priest (D:4)
  A hound (D:4)
  2 worker ants (D:4)
  An adder (D:4)
  A leopard gecko (D:2)
  An orc (D:4)
  A giant cockroach (D:2)
  A hobgoblin (D:1)
  2 jackals (D:4)
  3 bats (D:1)
  2 frilled lizards
  A kobold (D:2)
  A rat (D:1)
18 creatures vanquished.

Vanquished Creatures (others)
  5 toadstools (D:1)
5 creatures vanquished.

Grand Total: 23 creatures vanquished

Notes
Turn   | Place    | Note
-------+----------+-------------------------------------------
     0 | D:1      | letownia2 the Deep Dwarf Necromancer began the quest for the Orb.
     0 | D:1      | Reached XP level 1. HP: 15/15 MP: 3/3
   587 | D:2      | Reached XP level 2. HP: 14/22 MP: 0/5
   730 | D:4      | Reached skill level 5 in Necromancy
   730 | D:4      | Reached XP level 3. HP: 17/28 MP: 0/6
   747 | D:4      | Learned a level 3 spell: Vampiric Draining
   760 | D:4      | Found a staircase to the Ecumenical Temple.
   768 | Temple   | Entered the Ecumenical Temple
   800 | D:4      | Noticed a phantom
   904 | D:4      | Reached XP level 4. HP: 22/36 MP: 2/8
  1038 | D:4      | Noticed Menkaure
  1041 | D:4      | Quit the game

Skill      XL: |  1  2  3  4 |
---------------+-------------+-----
Spellcasting   | 2 3 |  3.2
Necromancy     | 5 |  5.7
Dodging        | |  2.1
Stealth        | |  2.4

Action                   |  1- 3 |  4- 6 || total
-------------------------+-------+-------++-------
Melee: Dagger            |    12 |    13 ||    25
       Unarmed           |     2 |       ||     2
 Cast: Pain              |    30 |     3 ||    33
       Vampiric Draining |     1 |     4 ||     5
Evoke: Wand              |       |     1 ||     1
  Use: Scroll            |       |     3 ||     3
  Eat: Chunk             |     1 |       ||     1
Armor: Ring mail         |    23 |     9 ||    32
Dodge: Dodged            |    42 |     9 ||    51
